Map: El Dorado

Players

Solindar

  • Race: Zerg Zerg
  • League: Platinum
  • Spawn Location: 7:00

wootwoot - Winner!

  • Race: Zerg Zerg
  • League: Platinum
  • Spawn Location: 5:00

VOD

Have the link to the VOD?

Description

Time

  • Played on: April 1, 2025, 7:23 p.m.
  • Length: 2:40
Show
View Real Time Build Order
Export as new Build Order

Solindar Zerg 

Build Orders: Hatch First 

Get SALT Encoding   

  12  0:00  Drone  
  13  0:08  Drone  
  14  0:18  Extractor  
  14  0:19  Drone  
  15  0:40  Hatchery  
  14  0:43  Drone, Extractor  
  14  0:49  Overlord  
  15  1:05  Spawning Pool  
  15  1:09  Drone  
  15  1:12  Drone  
  15  1:15  Drone  
  17  1:22  Extractor  
  17  1:23  Drone  
  17  1:33  Drone  
  18  1:45  Drone  
  19  1:53  Zergling x4  
  19  1:54  Queen  
  21  2:00  Queen  
  25  2:07  Zergling x4  
Show
View Real Time Build Order
Export as new Build Order

wootwoot Zerg - Winner!

Build Orders: Pool First 

Get SALT Encoding   

  12  0:00  Drone  
  13  0:08  Drone  
  13  0:13  Extractor  
  13  0:29  Spawning Pool  
  13  0:33  Drone  
  13  0:36  Drone  
  14  0:49  Overlord  
  14  1:15  Zergling x2, Metabolic Boost  
  14  1:16  Zergling x4  
  17  1:27  Zergling x2  
  18  1:42  Hatchery  
  18  1:44  Zergling x2  
  18  1:49  Zergling x2  
  19  2:02  Queen  
  21  2:11  Overlord  
  21  2:14  Zergling x2  
Tags
 
Matchup
ZvZ
Race
Zerg
Replay Pack
B2M-Replays
Spawn Locations
Close Positions
Add a new tag
Caveats
  • Supply blocks, unpowered buildings, or Contaminate may cause inaccurate times.
  • Supply counts are checked every 10 seconds.